[Event "ICC tourney 1987 (15 5)"]
[Site "Internet Chess Club"]
[Date "2020.08.30"]
[Round "5"]
[White "LChessMaster"]
[Black "clair"]
[Result "1-0"]
[ICCResult "Black resigns"]
[WhiteElo "1639"]
[BlackElo "1684"]
[Opening "Modern defense"]
[ECO "A40"]
[NIC "QO.17"]
[Time "16:02:37"]
[TimeControl "900+5"]

1. d4 g6 2. Nf3 Bg7 3. Bf4 d6 4. e3 e6 5. Be2 Ne7 6. c4 O-O 7. Nc3 Nd7 8.
O-O b6 9. h3 Bb7 10. Qc2 Nf6 11. b4 a6 12. Rad1 Qc8 13. Rfe1 Re8 14. e4 Nc6
15. a3 e5 16. dxe5 Nxe5 17. Nxe5 dxe5 18. Bg5 h6 19. Bxf6 Bxf6 20. Bg4 Qb8
21. Nd5 Bxd5 22. Rxd5 Rd8 23. Red1 Rxd5 24. Rxd5 h5 25. Be2 Qe8 26. c5 a5
27. cxb6 cxb6 28. Bb5 Qc8 29. Qxc8+ Rxc8 30. bxa5 bxa5 31. Ba6 Rc1+ 32. Kh2
Bg5 33. Rxa5 Rc2 34. Kg1 Rc1+ 35. Bf1 f6 36. g3 h4 37. g4 Rc3 38. a4 Ra3 39.
Ra7 Ra1 40. a5 Bd2 41. a6 g5 42. Rd7 Bc3 43. a7 Bd4 44. Rd8+ Kf7 45. a8=Q
Re1 {Black resigns} 1-0

[Event "ICC tourney 1987 (15 5)"]
[Site "Internet Chess Club"]
[Date "2020.08.30"]
[Round "5"]
[White "JosephLevine"]
[Black "funplaychess"]
[Result "0-1"]
[ICCResult "White resigns"]
[WhiteElo "2166"]
[BlackElo "2360"]
[Opening "Sicilian: Najdorf"]
[ECO "B90"]
[NIC "SI.14"]
[Time "16:01:53"]
[TimeControl "900+5"]

1. e4 c5 2. Nf3 d6 3. d4 cxd4 4. Nxd4 Nf6 5. Nc3 a6 6. Bd3 e5 7. Nde2 Be7 8.
O-O O-O 9. Ng3 Nbd7 10. Be3 g6 11. h3 b5 12. f4 exf4 13. Rxf4 Bb7 14. Qd2
Ne5 15. Raf1 Nfd7 16. Nf5 gxf5 17. Rxf5 Kh8 18. Nd5 Bxd5 19. exd5 Nxd3 20.
Qxd3 Ne5 21. Bd4 f6 22. Qe4 Qe8 23. g4 Qg6 24. R1f2 Rae8 25. Kf1 Bd8 26. g5
Qh5 27. Kg2 Rg8 28. h4 Ng4 29. gxf6 Rxe4 30. f7+ Rxd4 31. fxg8=Q+ Kxg8 32.
Rxh5 Nxf2 33. Kxf2 Rxh4 34. Rf5 Rh2+ 35. Ke3 Rxc2 {White resigns} 0-1

[Event "ICC tourney 1987 (15 5)"]
[Site "Internet Chess Club"]
[Date "2020.08.30"]
[Round "5"]
[White "icyblizzard"]
[Black "gardemarin13"]
[Result "1-0"]
[ICCResult "Black resigns"]
[WhiteElo "2116"]
[BlackElo "1952"]
[Opening "Sicilian: Hungarian variation"]
[ECO "B27"]
[NIC "SI.43"]
[Time "16:01:47"]
[TimeControl "900+5"]

1. e4 c5 2. Nf3 g6 3. c3 Bg7 4. d4 cxd4 5. cxd4 d5 6. exd5 Nf6 7. Nc3 Nxd5
8. Bc4 Nb6 9. Bb3 O-O 10. O-O Nc6 11. Be3 Na5 12. Bc2 Nac4 13. b3 Nxe3 14.
fxe3 Bg4 15. Rc1 Rc8 16. Bb1 Bh6 17. Qe1 Bxf3 18. Rxf3 Nd5 19. Nxd5 Qxd5 20.
Bd3 Rxc1 21. Qxc1 Qxd4 22. Bc4 e6 23. Qe1 Qb6 24. Rh3 Bg5 25. Kh1 Rd8 26.
Rf3 Qd6 27. Qa5 Qd1+ 28. Rf1 Qg4 29. h3 Qg3 30. Rf3 Rd1+ 31. Bf1 Qh4 32. Qc7
f5 33. Qc8+ Kg7 34. Qxb7+ Kh6 35. Qb8 Bxe3 36. Qf8+ Kh5 37. Qf7 h6 38. Qxe6
Bf4 39. Rxf4 Qxf4 40. Qe2+ {Black resigns} 1-0

[Event "ICC tourney 1987 (15 5)"]
[Site "Internet Chess Club"]
[Date "2020.08.30"]
[Round "5"]
[White "chessmilano"]
[Black "rychessmaster1"]
[Result "1-0"]
[ICCResult "Black resigns"]
[WhiteElo "1768"]
[BlackElo "2108"]
[Opening "Queen's pawn: London system"]
[ECO "A45"]
[NIC "QP.07"]
[Time "16:01:44"]
[TimeControl "900+5"]

1. d4 Nf6 2. Bf4 d6 3. Nc3 d5 4. Nf3 c6 5. e3 Bf5 6. Bd3 e6 7. Bxf5 exf5 8.
h3 g6 9. O-O Nbd7 10. Ne2 Ne4 11. Qd3 g5 12. Bh2 g4 13. hxg4 fxg4 14. Ne5
Rg8 15. Nxd7 Qxd7 16. c4 Rg6 17. cxd5 cxd5 18. Rac1 Rh6 19. Rc7 Bd6 20. Rxd7
Bxh2+ 21. Kh1 Kxd7 22. Qb5+ Ke6 23. g3 Bxg3+ 24. Kg2 Bd6 25. Nf4+ Bxf4 26.
exf4 g3 27. fxg3 Rc8 28. f5+ Kf6 29. Qxd5 Rc2+ 30. Kf3 Nd2+ 31. Kg4 Nc4 32.
Qd8+ Kg7 33. f6+ {Black resigns} 1-0

[Event "ICC tourney 1987 (15 5)"]
[Site "Internet Chess Club"]
[Date "2020.08.30"]
[Round "5"]
[White "BreatheChessAls"]
[Black "Zwish"]
[Result "1-0"]
[ICCResult "Black resigns"]
[WhiteElo "1984"]
[BlackElo "1927"]
[Opening "Queen's pawn: London system"]
[ECO "A45"]
[NIC "QP.07"]
[Time "16:01:47"]
[TimeControl "900+5"]

1. d4 Nf6 2. Bf4 c5 3. e3 d5 4. c3 Nc6 5. Nd2 Bf5 6. Qb3 b6 7. Ngf3 c4 8.
Qd1 e6 9. Be2 h6 10. h3 b5 11. O-O b4 12. Ne5 Nxe5 13. Bxe5 Qa5 14. Bxf6
gxf6 15. e4 dxe4 16. Nxc4 Qc7 17. Qa4+ Kd8 18. Na5 Rg8 19. Nc6+ Kd7 20.
Nxb4+ Ke7 21. Kh1 a5 22. Nc6+ Kd6 23. Bb5 Qb6 24. c4 Kc7 25. b4 Bxb4 26.
Nxb4 axb4 27. Qxb4 Qd6 28. c5 Qf4 29. Qc3 Rxg2 30. Kxg2 Rg8+ 31. Kh1 Bxh3
32. Qa5+ Kc8 33. Qa8+ Kc7 34. Qxg8 Bg4 35. Qxf7+ Kc8 36. Qe8+ Kb7 37. Qd7+
Ka8 38. Qc6+ Kb8 39. Qd6+ {Black resigns} 1-0

[Event "ICC tourney 1987 (15 5)"]
[Site "Internet Chess Club"]
[Date "2020.08.30"]
[Round "5"]
[White "marble"]
[Black "jy2020"]
[Result "1-0"]
[ICCResult "Black resigns"]
[WhiteElo "2389"]
[BlackElo "2238"]
[Opening "Sicilian: Najdorf, Zagreb (fianchetto) variation"]
[ECO "B91"]
[NIC "SI.14"]
[Time "16:01:41"]
[TimeControl "900+5"]

1. e4 c5 2. Nf3 d6 3. d4 cxd4 4. Nxd4 Nf6 5. Nc3 a6 6. g3 e5 7. Nde2 Be7 8.
Bg2 O-O 9. a4 Be6 10. h3 h5 11. b3 Nc6 12. Nd5 Bxd5 13. exd5 Nb8 14. a5 Nbd7
15. O-O Ne8 16. c4 f5 17. Bd2 Rc8 18. Rc1 Bg5 19. f4 Bf6 20. fxe5 Bxe5 21.
Nf4 Bxf4 22. gxf4 Nef6 23. b4 b6 24. axb6 Qxb6+ 25. Kh2 Ne4 26. Bxe4 fxe4
27. Qxh5 Nf6 28. Qe2 Qb7 29. Rg1 Rce8 30. Qe3 Re7 31. Rg5 Nh7 32. Rg6 Rf6
33. Rcg1 Qd7 34. Bc3 Rxg6 35. Rxg6 Nf8 36. Rg2 Qf5 37. Rg5 Qd7 38. c5 Nh7
39. c6 Qe8 40. Rg2 Qf8 41. Bd4 Qf5 42. Qg3 Nf6 43. Qg5 Qxg5 44. Rxg5 e3 45.
Bxf6 e2 46. Bc3 e1=Q 47. Bxe1 Rxe1 48. Rg6 {Black resigns} 1-0

[Event "ICC tourney 1987 (15 5)"]
[Site "Internet Chess Club"]
[Date "2020.08.30"]
[Round "5"]
[White "Monkeybomb3605"]
[Black "Plato"]
[Result "1-0"]
[ICCResult "Black resigns"]
[WhiteElo "2004"]
[BlackElo "2011"]
[Opening "Sicilian: Kan, Maróczy bind (Réti variation)"]
[ECO "B41"]
[NIC "SI.41"]
[Time "16:02:15"]
[TimeControl "900+5"]

1. e4 c5 2. Nf3 e6 3. d4 cxd4 4. Nxd4 a6 5. c4 Nf6 6. Nc3 Bb4 7. Qf3 Nc6 8.
Nc2 Bc5 9. Be2 O-O 10. O-O Nd4 11. Nxd4 Bxd4 12. Bd2 d6 13. Rac1 Bd7 14.
Rfd1 Bc6 15. Bd3 Qb6 16. b3 Rad8 17. Bg5 h6 18. Bh4 Rd7 19. Ne2 Be5 20. Kh1
Qa5 21. Bb1 Nh7 22. Qe3 Nf6 23. f4 Bb2 24. Rc2 Ba1 25. Rcd2 Rfd8 26. Bd3 Bc3
27. Nxc3 Qxc3 28. e5 dxe5 29. Bh7+ Kxh7 30. Qxc3 Ne4 31. Rxd7 Nxc3 32. Rxd8
Nxd1 33. Rxd1 exf4 34. Kg1 g5 35. Be1 e5 36. Bc3 f6 37. Rd6 Kg7 38. Ba5 Kg6
39. Bd8 e4 40. Rxf6+ Kg7 41. Re6 e3 42. Kf1 Kh7 43. b4 Kg7 44. g3 Bh1 45.
gxf4 gxf4 46. Bc7 Kf7 47. Rxh6 Be4 48. Bxf4 Bd3+ 49. Ke1 Bxc4 50. a3
{Black resigns}
1-0

[Event "ICC tourney 1987 (15 5)"]
[Site "Internet Chess Club"]
[Date "2020.08.30"]
[Round "5"]
[White "espark"]
[Black "Mookmookarmy"]
[Result "1/2-1/2"]
[ICCResult "Game drawn by mutual agreement"]
[WhiteElo "2330"]
[BlackElo "2262"]
[Opening "French: Steinitz, Boleslavsky variation"]
[ECO "C11"]
[NIC "FR.04"]
[Time "16:01:43"]
[TimeControl "900+5"]

1. e4 e6 2. d4 d5 3. Nc3 Nf6 4. e5 Nfd7 5. f4 c5 6. Nf3 Nc6 7. Be3 a6 8. Qd2
b5 9. dxc5 Bxc5 10. Bd3 Bb7 11. Ne2 Qb6 12. Bxc5 Nxc5 13. Ned4 Nxd4 14. Nxd4
Rc8 15. Qe3 Qa5+ 16. Qd2 Qa4 17. c3 Nxd3+ 18. Qxd3 Qc4 19. Qxc4 dxc4 20. Kf2
O-O 21. Rhc1 Bd5 22. g3 Rb8 23. b4 f6 24. Re1 g5 25. exf6 Rxf6 26. Ke3 Rbf8
27. fxg5 Rf2 28. Re2 Rxe2+ 29. Nxe2 Rf3+ 30. Kd2 Rf2 31. h4 Kg7 32. Ke3 Rf3+
33. Kd2 e5 34. a4 Rd3+ 35. Ke1 Bf3 36. axb5 axb5 37. Ra5 e4 38. Nd4 Bg4 39.
Ra7+ Kg8 40. Ra8+ Kf7 41. Ra7+ Ke8 42. Ra8+ Kd7 43. Ra7+ Kc8 44. Ra8+ Kb7
45. Re8 e3 46. Ne2 Kc6 47. Re4 Bxe2 48. Kxe2 Rxc3 49. Rxe3 Rxe3+ 50. Kxe3
Kd5 51. g4 Ke5 52. h5 Ke6 53. Ke4 Kf7 54. Kd4 Kg7 55. Kc3 Kf7 56. Kd4 Kg7
{Game drawn by mutual agreement}
1/2-1/2

[Event "ICC tourney 1987 (15 5)"]
[Site "Internet Chess Club"]
[Date "2020.08.30"]
[Round "5"]
[White "musk6868"]
[Black "Joelpaulg"]
[Result "0-1"]
[ICCResult "White checkmated"]
[WhiteElo "2021"]
[BlackElo "2129"]
[Opening "Sicilian: Anderssen variation"]
[ECO "B41"]
[NIC "SI.41"]
[Time "16:02:37"]
[TimeControl "900+5"]

1. e4 c5 2. Nf3 e6 3. d4 cxd4 4. Nxd4 Nf6 5. Nc3 Nc6 6. Bg5 Bb4 7. Nxc6 bxc6
8. Bd3 h6 9. Bh4 e5 10. O-O O-O 11. Qe2 Re8 12. Bc4 Rb8 13. Rad1 d6 14. Rd3
g5 15. Bg3 Be6 16. Bxe6 Rxe6 17. Rfd1 Bxc3 18. Rxc3 d5 19. exd5 cxd5 20. Re3
Rxb2 21. Bxe5 Rxa2 22. h3 Qe7 23. Rb1 Nd7 24. Bd4 Rxe3 25. fxe3 Qe6 26. Qd3
Qc6 27. Rc1 a5 28. Qf5 a4 29. Rf1 Qe6 30. Qd3 Ne5 31. Qb5 Nd7 32. Qb7 Rxc2
33. Qa8+ Nf8 34. Qxa4 Qe4 35. Rf3 Rc1+ 36. Kh2 Qe7 37. Qa7 Qd6+ 38. g3 Qg6
39. Rf2 Rc2 40. Kg2 Qe4+ 41. Kg1 Rc1+ 42. Rf1 Rxf1+ 43. Kxf1 Qf3+ 44. Ke1
Qxg3+ 45. Kd2 Qh2+ 46. Kd3 Qxh3 47. Qa8 Qf5+ 48. Kc3 f6 49. Bc5 Qe5+ 50. Bd4
Qc7+ 51. Kd2 Qf7 52. Qc8 Kg7 53. Qf5 Qe6 54. Qf3 Nd7 55. Qh5 Ne5 56. Qh1
Nc4+ 57. Kd3 Kg6 58. Qg2 Qf5+ 59. e4 Qxe4+ 60. Qxe4+ dxe4+ 61. Kxc4 f5 62.
Kc3 f4 63. Kd2 Kf5 64. Ke2 g4 65. Kf2 g3+ 66. Kg2 Kg4 67. Bg7 h5 68. Bd4 h4
69. Be5 h3+ 70. Kh1 e3 71. Bc3 e2 72. Be1 f3 73. Kg1 h2+ 74. Kh1 f2 75. Kg2
h1=Q+ 76. Kxh1 f1=Q# {White checkmated} 0-1

[Event "ICC tourney 1987 (15 5)"]
[Site "Internet Chess Club"]
[Date "2020.08.30"]
[Round "5"]
[White "Venom2020"]
[Black "Averyyu321"]
[Result "1-0"]
[ICCResult "Black checkmated"]
[WhiteElo "2082"]
[BlackElo "1764"]
[Opening "Sicilian: dragon, Levenfish; Flohr variation"]
[ECO "B71"]
[NIC "SI.15"]
[Time "16:01:55"]
[TimeControl "900+5"]

1. e4 c5 2. Nf3 d6 3. d4 cxd4 4. Nxd4 Nf6 5. Nc3 g6 6. f4 Nbd7 7. Be2 Bg7 8.
O-O O-O 9. Kh1 Qc7 10. Be3 b6 11. Bf3 Bb7 12. Qe2 Rad8 13. Rfe1 a6 14. Rad1
e5 15. Nb3 exf4 16. Bxf4 Ne5 17. Nd4 Rfe8 18. Qf2 b5 19. Bg5 Rc8 20. Qh4 Qe7
21. Nd5 Bxd5 22. exd5 Qd8 23. c3 Rc7 24. h3 Rc4 25. Be2 Rc7 26. Rf1 Ned7 27.
Bg4 h6 28. Bxf6 Nxf6 29. Nc6 Qa8 30. Rxf6 Bxf6 31. Qxf6 Qb7 32. Qxd6 a5 33.
Nxa5 Qa7 34. Nc6 Qb7 35. Rf1 h5 36. Bf3 Rd7 37. Qg3 Qc7 38. Qxc7 Rxc7 39.
Rd1 Rd7 40. Nd4 Rb8 41. Nb3 Rb6 42. Nc5 Rdd6 43. Ne4 Rd8 44. a3 f5 45. Nc5
Kf7 46. g4 hxg4 47. hxg4 fxg4 48. Bxg4 Kf6 49. Nd7+ Rxd7 50. Bxd7 Rd6 51.
Bxb5 Ke5 52. Bc6 g5 53. Kg2 Rf6 54. Re1+ Kf5 55. Rf1+ Kg4 56. Rxf6 Kh4 57.
Rg6 g4 58. Rxg4+ Kxg4 59. d6 Kh4 60. d7 Kg4 61. d8=Q Kf4 62. Qf6+ Kg4 63.
Bf3# {Black checkmated} 1-0

[Event "ICC tourney 1987 (15 5)"]
[Site "Internet Chess Club"]
[Date "2020.08.30"]
[Round "5"]
[White "town"]
[Black "largecrab"]
[Result "1-0"]
[ICCResult "Black checkmated"]
[WhiteElo "2153"]
[BlackElo "2173"]
[Opening "Sicilian: Kan, Maróczy bind (Réti variation)"]
[ECO "B41"]
[NIC "SI.41"]
[Time "16:01:45"]
[TimeControl "900+5"]

1. e4 c5 2. Nf3 e6 3. d4 cxd4 4. Nxd4 a6 5. c4 d5 6. exd5 exd5 7. Nc3 Nf6 8.
Bg5 dxc4 9. Bxc4 Be7 10. O-O O-O 11. Bb3 b5 12. Qf3 Ra7 13. Rad1 Bg4 14. Qg3
Bxd1 15. Rxd1 Nh5 16. Bxe7 Rxe7 17. Qf3 Qxd4 18. Qxh5 Qe5 19. Qxe5 Rxe5 20.
g3 Nc6 21. Rd6 Na5 22. Rxa6 Nxb3 23. axb3 b4 24. Na2 Re2 25. Nxb4 Rxb2 26.
Ra3 Rb8 27. Nc6 R2xb3 28. Ra7 R3b7 29. Ra3 Rc8 30. Kg2 f6 31. Nd4 Kf7 32.
Nf5 Rd8 33. Rf3 Rbd7 34. h4 h5 35. Ne3 Re8 36. Nc4 Re4 37. Ne3 Rd2 38. Kg1
g6 39. Kg2 Ke6 40. Nf1 Rd1 41. Ne3 Rd3 42. Kf1 Ra3 43. Kg2 Rc3 44. Kg1 Rc1+
45. Kg2 Ke5 46. Kh2 f5 47. Ng2 Rcc4 48. Ne3 Ra4 49. Ng2 Rab4 50. Kh3 Rb1 51.
Kh2 Rc4 52. Nf4 Kf6 53. Ra3 Rb2 54. Kg2 Rcc2 55. Nh3 Rd2 56. Ra6+ Kg7 57.
Ra7+ Kg8 58. Rc7 Rbc2 59. Ra7 Ra2 60. Rc7 Kf8 61. Rb7 Rac2 62. Ra7 Rc1 63.
Nf4 Rc6 64. Rb7 Kg8 65. Ra7 Rcc2 66. Nh3 Kf8 67. Rb7 Ke8 68. Rg7 Rc6 69. Nf4
Rdd6 70. Ra7 Rd7 71. Ra8+ Kf7 72. Ra5 Rc2 73. Ra6 Rdd2 74. Nh3 Re2 75. Rb6
Rb2 76. Ra6 Kg7 77. Rc6 Rb8 78. Nf4 Reb2 79. Rxg6+ Kh7 80. Rg5 Rf8 81. Nxh5
Kh6 82. Nf4 Rf6 83. Rg8 Rd6 84. Nh3 Rdd2 85. Rg5 Rd5 86. Nf4 Rc5 87. Nd3
Rbb5 88. Nxc5 Rxc5 89. Rg8 Kh5 90. Rg5+ Kh6 91. g4 Rc4 92. Kg3 fxg4 93. Rxg4
Rc3+ 94. f3 Kh5 95. Rg5+ Kh6 96. Kg4 Rc4+ 97. f4 Rc1 98. Ra5 Rc8 99. Ra6+
Kg7 100. Kg5 Kh7 101. f5 Rg8+ 102. Kf4 Re8 103. Kg5 Rg8+ 104. Rg6 Ra8 105.
h5 Ra5 106. Rb6 Ra8 107. Rb7+ Kh8 108. f6 Rg8+ 109. Kh6 Rf8 110. Kg6 Rg8+
111. Rg7 Rxg7+ 112. fxg7+ Kg8 113. Kh6 Kf7 114. Kh7 Kf6 115. g8=Q Kf5 116.
Qf7+ Ke5 117. Kg8 Kd6 118. h6 Kc6 119. h7 Kb6 120. h8=Q Kc5 121. Qh6 Kb4
122. Qfg6 Kc3 123. Qgg5 Kd4 124. Qhh4+ Kd3 125. Qgg3+ Ke2 126. Qhh2+ Kf1
127. Qgg1# {Black checkmated} 1-0

[Event "ICC tourney 1987 (15 5)"]
[Site "Internet Chess Club"]
[Date "2020.08.30"]
[Round "5"]
[White "MrNormalName"]
[Black "saiabhi29"]
[Result "0-1"]
[ICCResult "White resigns"]
[WhiteElo "2158"]
[BlackElo "2080"]
[Opening "QGD semi-Slav: 5.e3"]
[ECO "D45"]
[NIC "SL.08"]
[Time "16:02:37"]
[TimeControl "900+5"]

1. d4 d5 2. c4 c6 3. Nc3 Nf6 4. e3 e6 5. Nf3 Be7 6. Bd3 O-O 7. O-O b6 8. e4
dxe4 9. Nxe4 Nxe4 10. Bxe4 Bb7 11. Qc2 h6 12. Be3 Nd7 13. Rad1 Nf6 14. Bd3
Rc8 15. Rfe1 Qc7 16. c5 Nd5 17. Bd2 Rcd8 18. Qc4 bxc5 19. dxc5 Rd7 20. Ne5
Rdd8 21. Bb1 Nf6 22. Bf4 Qc8 23. Qc2 Rxd1 24. Rxd1 Rd8 25. Rxd8+ Qxd8 26. b4
Qd4 27. Qd2 Qd5 28. Qxd5 Nxd5 29. Bd2 g5 30. Bc2 Bf6 31. Nc4 Ba6 32. Na5 Ne7
33. a4 Bc8 34. Be4 Bd7 35. b5 cxb5 36. c6 Bc8 37. axb5 Bd4 38. Bb4 Nd5 39.
Bxd5 exd5 40. Nb3 Bb6 41. Kf1 a6 42. bxa6 Bxa6+ 43. Ke1 Bb5 44. Ba5 Bxa5+
45. Nxa5 Kf8 46. Kd2 Ke7 47. Ke3 Kd6 48. Nb7+ Kc7 49. Kd4 Bxc6 50. Nc5 Kd6
51. Nd3 f6 52. Nb4 Bb7 53. Nc2 Bc8 54. Ne3 Be6 55. g3 f5 56. f4 g4 57. Ng2
Bd7 58. Ne1 Ba4 59. Nd3 Bc2 60. Ne5 h5 61. Nf7+ Ke7 62. Ne5 Be4 63. Nc6+ Kd6
64. Nb4 Ke6 65. Kc5 Bf3 66. Nc6 Be4 67. Nd4+ Kd7 68. Nc2 Bxc2 69. Kxd5 Be4+
70. Ke5 Ke7 71. Kd4 Kd6 72. Kc4 Bf3 73. Kd4 Ke6 74. Kc5 Kf6 75. Kd6 Be4 76.
Kd7 Bb7 77. Kd6 Bc8 78. Kc7 Ba6 79. Kd6 Bc4 80. Kd7 Be6+ 81. Kd6 h4 82. Kc7
Ke7 83. Kc6 Bf7 84. Kc5 Kd7 85. Kd4 Kd6 86. gxh4 Ke6 87. Kc5 Be8 88. Kd4 Bc6
89. Kc5 Be4 90. Kd4 Kf6 91. Ke3 Kg6 92. Kf2 Kh5 93. Kg3 Bf3 94. h3 Bd1 95.
hxg4+ Bxg4 96. Kh2 Kxh4 97. Kg2 Bh3+ 98. Kf3 Bf1 99. Kf2 Bd3 100. Kf3 Be4+
101. Kf2 Kg4 102. Ke3 Kg3 103. Ke2 Kxf4 {White resigns} 0-1

[Event "ICC tourney 1987 (15 5)"]
[Site "Internet Chess Club"]
[Date "2020.08.30"]
[Round "6"]
[White "clair"]
[Black "JMLPS59"]
[Result "1-0"]
[ICCResult "Black checkmated"]
[WhiteElo "1718"]
[BlackElo "424"]
[Opening "Queen's pawn, Mason variation"]
[ECO "D00"]
[NIC "QP.08"]
[Time "17:01:37"]
[TimeControl "900+5"]

1. d4 d5 2. Bf4 e6 3. e3 Bb4+ 4. c3 Ba5 5. Nf3 Nf6 6. Nbd2 O-O 7. Bd3 Nc6 8.
O-O Qe7 9. Ne5 Nxe5 10. dxe5 Ng4 11. Qxg4 Bd7 12. Bh6 g6 13. Bxf8 Qxf8 14.
Nf3 Bc6 15. Ng5 Bb6 16. Qh3 Qe7 17. Qxh7+ Kf8 18. Qh8# {Black checkmated}
1-0

[Event "ICC tourney 1987 (15 5)"]
[Site "Internet Chess Club"]
[Date "2020.08.30"]
[Round "6"]
[White "GGuseinov"]
[Black "Aidenrchess"]
[Result "1-0"]
[ICCResult "Black checkmated"]
[WhiteElo "2715"]
[BlackElo "1905"]
[Opening "French: Tarrasch, open variation, main line"]
[ECO "C09"]
[NIC "FR.22"]
[Time "17:01:37"]
[TimeControl "900+5"]

1. e4 e6 2. d4 d5 3. Nd2 c5 4. Ngf3 Nc6 5. exd5 exd5 6. Bb5 Nf6 7. O-O Be7
8. dxc5 O-O 9. Nb3 Bg4 10. h3 Bh5 11. Be3 Ne5 12. Be2 Bxf3 13. Bxf3 Qc7 14.
Bd4 Rac8 15. Re1 Nc4 16. Qd3 Rfe8 17. Bxd5 Nxd5 18. Qxc4 Nf4 19. Be5 Nxh3+
20. gxh3 Qd7 21. Qg4 Qxg4+ 22. hxg4 Bf6 23. Bxf6 gxf6 24. Kf1 Rxe1+ 25. Rxe1
Kg7 26. Re7 b6 27. Rxa7 bxc5 28. c4 Kg6 29. Ra5 f5 30. Rxc5 fxg4 31. Rxc8 h5
32. c5 Kg5 33. c6 h4 34. c7 Kf4 35. Rg8 g3 36. c8=Q h3 37. Qg4+ Ke5 38. Re8+
Kd6 39. Qd4+ Kc7 40. Qd8+ Kc6 41. Qc8+ Kb6 42. Qc5+ Kb7 43. Re7+ Ka6 44.
Qa5# {Black checkmated} 1-0

[Event "ICC tourney 1987 (15 5)"]
[Site "Internet Chess Club"]
[Date "2020.08.30"]
[Round "6"]
[White "Zwish"]
[Black "kansashog"]
[Result "0-1"]
[ICCResult "White resigns"]
[WhiteElo "1946"]
[BlackElo "1958"]
[Opening "Anderssen's opening"]
[ECO "A00"]
[NIC "VO.14"]
[Time "17:02:19"]
[TimeControl "900+5"]

1. a3 d5 2. Nf3 Nf6 3. c4 e6 4. b4 a5 5. b5 c6 6. e3 Be7 7. Bb2 O-O 8. Be2
dxc4 9. Bxc4 cxb5 10. Bxb5 Bd7 11. Bc4 b5 12. Ba2 Nc6 13. O-O b4 14. axb4
Nxb4 15. Bb3 Bb5 {White resigns} 0-1

[Event "ICC tourney 1987 (15 5)"]
[Site "Internet Chess Club"]
[Date "2020.08.30"]
[Round "6"]
[White "chesslin"]
[Black "MrNormalName"]
[Result "0-1"]
[ICCResult "White resigns"]
[WhiteElo "1943"]
[BlackElo "2195"]
[Opening "Queen's pawn: London system"]
[ECO "A45"]
[NIC "QP.07"]
[Time "17:02:23"]
[TimeControl "900+5"]

1. d4 Nf6 2. Bf4 d5 3. e3 c5 4. Nf3 Nc6 5. Be2 cxd4 6. exd4 Qb6 7. Nc3 a6 8.
a3 Bg4 9. Na4 Qd8 10. Ne5 Bxe2 11. Kxe2 e6 12. f3 Bd6 13. g4 Bxe5 14. dxe5
Nd7 15. Re1 O-O 16. Kf2 f6 17. exf6 Qxf6 18. Bg3 Nde5 19. Re3 Nxg4+
{White resigns}
0-1

[Event "ICC tourney 1987 (15 5)"]
[Site "Internet Chess Club"]
[Date "2020.08.30"]
[Round "6"]
[White "chessmilano"]
[Black "InfernoKing"]
[Result "0-1"]
[ICCResult "White resigns"]
[WhiteElo "1721"]
[BlackElo "2139"]
[Opening "Queen's pawn: London system"]
[ECO "A45"]
[NIC "QP.07"]
[Time "17:01:51"]
[TimeControl "900+5"]

1. d4 Nf6 2. Bf4 d6 3. Nc3 Nbd7 4. e4 e5 5. dxe5 dxe5 6. Bg3 Bb4 7. f3 Bxc3+
8. bxc3 Qe7 9. Bc4 Nh5 10. Bf2 Nf4 11. g3 Ne6 12. Ne2 O-O 13. O-O Nb6 14.
Bb3 Rd8 15. Qc1 Ng5 16. Be3 h6 17. Bxg5 hxg5 18. Qe3 a5 19. a4 Be6 20. Rad1
Nc4 21. Qf2 Nd2 22. Bxe6 Nxf1 23. Bxf7+ Qxf7 24. Rxf1 Rd2 25. Qe3 Rxc2 26.
Nc1 Rd8 27. Nd3 Rxc3 {White resigns} 0-1

[Event "ICC tourney 1987 (15 5)"]
[Site "Internet Chess Club"]
[Date "2020.08.30"]
[Round "6"]
[White "hackerguru"]
[Black "rjc64uk"]
[Result "0-1"]
[ICCResult "White resigns"]
[WhiteElo "1764"]
[BlackElo "2104"]
[Opening "English opening"]
[ECO "A05"]
[NIC "QP.11"]
[Time "17:01:32"]
[TimeControl "900+5"]

1. Nf3 Nf6 2. c4 e6 3. e3 b6 4. b3 Bb7 5. Bb2 d5 6. Be2 Be7 7. O-O O-O 8. d4
Nbd7 9. Nbd2 Ne4 10. cxd5 exd5 11. Bd3 f5 12. Qe2 Bd6 13. Ne5 Qe7 14. Nxd7
Qxd7 15. f3 Nxd2 16. Qxd2 Rae8 17. Rae1 h6 18. g3 g5 19. f4 g4 20. Qg2 Re7
21. Kh1 Rfe8 22. Qf2 c5 23. Kg1 Qe6 24. Qc2 Rf8 25. Kf2 Rc7 26. Qd2 c4 27.
Bb1 a5 28. Rc1 Ba6 29. Rfe1 Bb4 30. Bc3 Ba3 31. Bb2 c3 32. Bxc3 Bxc1 33.
Rxc1 Rfc8 34. Bb2 Rxc1 35. Bxc1 Qc6 36. Bb2 Qb5 37. Qe1 Rf8 38. Ba3 Rf6 39.
Bb2 Kg7 40. Ba3 Kg6 41. Bb2 Rc6 42. Ba3 Rc8 43. Qd1 h5 44. Bb2 a4 45. Ba3
axb3 46. axb3 Rc3 47. Ba2 Qa5 48. Qd2 Qb5 49. Qe1 Rc2+ {White resigns} 0-1

[Event "ICC tourney 1987 (15 5)"]
[Site "Internet Chess Club"]
[Date "2020.08.30"]
[Round "6"]
[White "JosephLevine"]
[Black "BreatheChessAls"]
[Result "1-0"]
[ICCResult "Black resigns"]
[WhiteElo "2185"]
[BlackElo "1935"]
[Opening "Sicilian: Labourdonnais-Löwenthal (Kalashnikov) variation"]
[ECO "B32"]
[NIC "SI.32"]
[Time "17:01:32"]
[TimeControl "900+5"]

1. e4 c5 2. Nf3 Nc6 3. d4 cxd4 4. Nxd4 e5 5. Nb5 d6 6. c4 Be7 7. Bd3 Nf6 8.
O-O O-O 9. h3 Be6 10. Be3 Nb8 11. Nxa7 Nbd7 12. Nb5 Nc5 13. N1c3 Nxd3 14.
Qxd3 Rc8 15. b3 Nh5 16. Nd5 Bxd5 17. Qxd5 Nf4 18. Bxf4 exf4 19. Qxb7 Bf6 20.
Rad1 Be5 21. f3 Qg5 22. Qd5 Rfd8 23. Qd2 Ra8 24. a4 Re8 25. Qf2 Rad8 26. a5
Ra8 27. Nc7 Rxa5 28. Nxe8 Qe7 29. Qb6 Ra2 30. Qb8 Qf8 31. c5 g6 32. Rxd6
Bxd6 33. cxd6 Rd2 34. Nf6+ Kg7 35. Qxf8+ Kxf8 36. e5 {Black resigns} 1-0

[Event "ICC tourney 1987 (15 5)"]
[Site "Internet Chess Club"]
[Date "2020.08.30"]
[Round "6"]
[White "saiabhi29"]
[Black "Aleksandrov73"]
[Result "0-1"]
[ICCResult "White resigns"]
[WhiteElo "2059"]
[BlackElo "2709"]
[Opening "Queen's pawn: London system"]
[ECO "A45"]
[NIC "QP.05"]
[Time "17:01:37"]
[TimeControl "900+5"]

1. d4 Nf6 2. Bf4 e6 3. Nf3 b6 4. e3 Bb7 5. Be2 Be7 6. O-O Nh5 7. Bg3 O-O 8.
Nbd2 Nxg3 9. hxg3 c5 10. c3 d6 11. Qc2 Nd7 12. Rac1 Rc8 13. Bd3 h6 14. Rfe1
cxd4 15. exd4 Nf6 16. Ne4 Nd5 17. a3 Rc7 18. Qb1 Qa8 19. Ned2 Rfc8 20. Be4
a6 21. c4 Nf6 22. Bxb7 Qxb7 23. Qd3 d5 24. Ne5 dxc4 25. Rxc4 b5 26. Rxc7
Qxc7 27. Ne4 Qc2 28. Nxf6+ Bxf6 29. Qe2 Qxe2 30. Rxe2 Rc1+ 31. Kh2 Rd1 32.
Rc2 Rxd4 33. Nf3 Rc4 34. Rd2 g5 35. Rd6 a5 36. Rb6 b4 37. axb4 axb4 38. b3
Re4 39. Nd2 Re2 40. Nc4 Rxf2 41. Rxb4 h5 42. Ne3 Re2 43. Nc4 Re1 44. Nd6 Be7
45. Rb8+ Kg7 46. Nc4 Bc5 47. b4 Bg1+ 48. Kh3 Ba7 {White resigns} 0-1

[Event "ICC tourney 1987 (15 5)"]
[Site "Internet Chess Club"]
[Date "2020.08.30"]
[Round "6"]
[White "musk6868"]
[Black "Qigongmaster"]
[Result "1-0"]
[ICCResult "Black resigns"]
[WhiteElo "2041"]
[BlackElo "2204"]
[Opening "Pirc defense"]
[ECO "B07"]
[NIC "PU.07"]
[Time "17:01:32"]
[TimeControl "900+5"]

1. e4 d6 2. d4 Nf6 3. Nc3 g6 4. Be3 c6 5. f3 b5 6. Qd2 Nbd7 7. h4 h5 8. Nh3
Bg7 9. Ng5 O-O 10. O-O-O b4 11. Ne2 a5 12. Kb1 Ba6 13. Nc1 Qc7 14. Bxa6 Rxa6
15. Qe2 Rfa8 16. Qc4 e6 17. g4 d5 18. Qe2 dxe4 19. gxh5 Nxh5 20. fxe4 Qb7
21. Qf3 Rf8 22. Rhg1 e5 23. d5 cxd5 24. Rxd5 Nb6 25. Rb5 Qc6 26. Rc5 Qf6 27.
Qe2 Na4 28. Rc7 Nf4 29. Qc4 Rd6 30. Qb5 Nd5 31. exd5 e4 32. c3 bxc3 33. Qxa4
Rb8 34. Nb3 Rb4 35. Qe8+ Bf8 36. Rxf7 Rd8 37. Rxf8+ Qxf8 38. Qxg6+ Qg7 39.
Qxg7+ Kxg7 40. Ne6+ {Black resigns} 1-0